Map: Terrasses de Prion

Players

zidar

  • Race: Zerg Zerg
  • League: Gold
  • Spawn Location: 11:00

Borg - Winner!

  • Race: Terran Terran
  • League: Silver
  • Spawn Location: 5:00

VOD

Have the link to the VOD?

Description

Time

  • Played on: May 16, 2016, 12:27 p.m.
  • Length: 10:53
Show
View Real Time Build Order
Export as new Build Order

zidar Zerg 

Build Orders: Hatch First 

Get SALT Encoding   

  12  0:01  Drone  
  13  0:08  Drone  
  14  0:17  Overlord  
  14  0:21  Extractor  
  14  0:23  Drone  
  15  0:35  Drone x2  
  17  0:56  Hatchery  
  16  0:57  Drone  
  17  1:12  Spawning Pool  
  17  1:14  Drone  
  17  1:18  Extractor  
  17  1:20  Drone  
  17  1:33  Drone  
  17  1:37  Overlord  
  17  1:39  Drone  
  19  1:59  Zergling x2  
  19  2:00  Queen  
  22  2:07  Queen  
  23  2:10  Zergling x2  
  24  2:27  Metabolic Boost  
  24  2:52  Drone x3  
  24  2:53  Drone x3  
  24  2:54  Roach Warren  
  29  3:08  Evolution Chamber  
  28  3:12  Extractor  
  28  3:15  Drone x5  
  32  3:21  Extractor  
  32  3:24  Extractor  
  32  3:25  Drone  
  32  3:26  Drone x2  
  34  3:41  Zergling x6  
  36  4:03  Overlord x3  
  36  4:09  Lair  
  36  4:12  Pneumatized Carapace  
  36  4:16  Overlord x3  
  36  4:36  Zerg Melee Weapons Level 1  
  36  4:40  Evolution Chamber  
  35  5:05  Hatchery  
  30  5:30  Spire  
  30  5:32  Zerg Ground Armor Level 1  
  29  5:35  Queen  
  31  5:51  Infestation Pit  
  30  6:04  Drone x7  
  30  6:05  Drone x8  
  45  6:33  Hatchery  
  45  6:37  Extractor  
  43  6:42  Extractor  
  42  6:49  Mutalisk x4  
  42  6:50  Mutalisk  
  52  6:54  Mutalisk  
  54  7:09  Hive  
  54  7:11  Zerg Melee Weapons Level 2  
  54  7:25  Zergling x14  
  61  7:40  Zerg Ground Armor Level 2  
  57  8:08  Spore Crawler  
  57  8:10  Spore Crawler  
  57  8:11  Spore Crawler x2  
  51  8:13  Spore Crawler x2  
  51  8:14  Spore Crawler  
  51  8:15  Spore Crawler  
  51  8:16  Spore Crawler  
  39  8:40  Zergling x2  
  39  8:41  Zergling x26  
  52  8:44  Zergling x2  
  20  9:54  Drone x3  
  21  10:33  Zergling x4  
Show
View Real Time Build Order
Export as new Build Order

Borg Terran - Winner!

Build Orders:  

Get SALT Encoding   

  12  0:01  SCV  
  13  0:13  SCV  
  14  0:18  Supply Depot  
  14  0:25  SCV  
  15  0:40  SCV  
  16  0:46  Barracks  
  16  0:52  SCV  
  16  0:55  Refinery  
  17  1:04  Refinery  
  17  1:07  SCV  
  18  1:22  SCV  
  19  1:34  Marine  
  19  1:35  Supply Depot  
  19  1:38  Orbital Command  
  20  1:57  Barracks Reactor  
  20  2:03  Factory  
  20  2:07  SCV  
  21  2:27  Command Center  
  21  2:35  SCV  
  22  2:37  Marine x2  
  24  2:47  Starport  
  24  2:49  Factory Tech Lab  
  24  2:51  SCV  
  25  3:05  Marine x2  
  26  3:07  SCV  
  26  3:11  Bunker  
  28  3:24  SCV  
  29  3:32  Refinery  
  29  3:34  Refinery  
  29  3:36  SCV  
  29  3:40  Armory  
  29  3:41  SCV  
  31  3:46  Siege Tank  
  34  3:52  Marine x2  
  36  3:59  Supply Depot  
  36  4:01  SCV  
  37  4:07  Orbital Command  
  37  4:18  Starport  
  37  4:23  Marine  
  38  4:34  Fusion Core  
  38  4:47  SCV x2  
  38  4:48  Factory Tech Lab  
  40  4:59  SCV  
  34  5:08  Supply Depot  
  27  5:35  SCV x2  
  29  5:43  Marine x2  
  31  5:55  Battlecruiser  
  37  5:58  Battlecruiser  
  43  6:05  SCV  
  44  6:18  Weapon Refit  
  44  6:20  SCV  
  44  6:23  SCV  
  46  6:32  SCV  
  49  6:35  SCV  
  48  6:44  SCV  
  50  6:47  SCV  
  50  6:53  Command Center  
  50  6:56  SCV  
  50  6:59  SCV  
  52  7:07  Engineering Bay  
  52  7:08  SCV, Battlecruiser  
  59  7:54  Battlecruiser  
  54  8:33  SCV x2  
  56  8:45  SCV  
  57  9:14  Battlecruiser  
  63  10:11  Barracks  
  63  10:14  Barracks, Factory Reactor  
  63  10:17  Barracks  
  63  10:18  Orbital Command  
  63  10:20  SCV  
  58  10:33  SCV x2  
  63  10:51  Barracks  
  63  10:52  Barracks  
Tags
 
Add a new tag
Caveats
  • Supply blocks, unpowered buildings, or Contaminate may cause inaccurate times.
  • Supply counts are checked every 10 seconds.